 Dungeon Crawl Stone Soup version 0.13.1-2-gfb2c2b7 (webtiles) character file.

533 Lilouch the Skirmisher (level 6, 0/48 HPs)
             Began as a Demonspawn Chaos Knight on Dec 11, 2013.
             Was a Plaything of Xom.
             Slain by Lilouch's ghost (5 damage)
             ... on Level 4 of the Dungeon.
             The game lasted 00:10:14 (3264 turns).

Lilouch the Skirmisher (Demonspawn Chaos Knight)    Turns: 3264, Time: 00:10:14

HP   0/48        AC  5     Str 14      XL: 6   Next: 21%
MP   0/6         EV 10     Int 13      God: Xom
Gold 214         SH  0     Dex 16      Spells:  0 memorised,  5 levels left

Res.Fire  : + . .   See Invis. : .   a - +0 spear (chaos) {=f}
Res.Cold  : . . .   Warding    : .   b - +2 leather armour
Life Prot.: . . .   Conserve   : .   (no shield)
Res.Poison: .       Res.Corr.  : .   (no helmet)
Res.Elec. : .       Clarity    : .   (no cloak)
Sust.Abil.: . .     Spirit.Shd : +   (no gloves)
Res.Mut.  : .       Stasis     : .   (no boots)
Res.Rott. : .       Flight     : .   q - amulet of guardian spirit
Saprovore : . . .                    (no ring)
                                     l - ring of protection from fire

@: short of breath, mildly poisoned, very slightly contaminated, hasted, very
quick, slightly resistant to hostile enchantments, fairly stealthy
A: talons 1, breathe flames 1, powered by death 1, Str -1, Dex +4
a: Renounce Religion, Breathe Fire


You were on level 4 of the Dungeon.
You worshipped Xom.
You were a plaything of Xom.
You were very hungry.

You visited 1 branch of the dungeon, and saw 4 of its levels.

You collected 194 gold pieces.

Inventory:

Hand weapons
 a - a +0,+0 spear of chaos (weapon) {=f}
 n - a +0,+0 spear
Missiles
 g - 23 bolts
 o - 5 javelins (quivered)
Armour
 b - a +2 leather armour (worn)
Magical devices
 e - a wand of flame (14) {unknown}
 m - a wand of digging (14)
Comestibles
 c - 2 bread rations
 j - 3 meat rations
 r - a rotting chunk of rat flesh
Scrolls
 d - 2 scrolls of teleportation {unknown}
 f - a scroll of fog {unknown}
 h - 7 scrolls of remove curse
 i - 2 scrolls of identify
 p - a scroll of enchant weapon I {unknown}
 s - a scroll of random uselessness {unknown}
Jewellery
 l - a ring of protection from fire (left hand)
 q - an amulet of guardian spirit (around neck)


   Skills:
 * Level 5.4 Fighting
 + Level 3.9 Polearms
 + Level 3.3 Armour
 - Level 0.8 Dodging


You had 5 spell levels left.
You didn't know any spells.

Dungeon Overview and Level Annotations

Branches:
Dungeon (4/27)
 Temple: D:4-7

Altars:
Elyvilon

Shops:
D:4 =

Annotations:
D:3 Sigmund
D:4 Lilouch's ghost, average DsCK


Innate Abilities, Weirdness & Mutations

You have sharp toenails.
You have a moderately thin skeletal structure (Dex +4, Str -1, Stlth).
You can steal the life force of nearby defeated enemies.
You can breathe flames.


Message History

You are too injured to fight recklessly!
You are too injured to fight recklessly!
You are too injured to fight recklessly!
You are too injured to fight recklessly!
You are too injured to fight recklessly!
You are too injured to fight recklessly!
You are too injured to fight recklessly!
* * * LOW HITPOINT WARNING * * *
You feel sick.
Drink which item? (? for menu, Esc to quit)
You feel as though your hastened speed will last longer.
It was a potion of speed.
* * * LOW HITPOINT WARNING * * *
You feel sick.
You feel a little better. Lilouch's ghost hits you.
* * * LOW HITPOINT WARNING * * *
You convulse!
You die...
Xom giggles madly!

#.#.## #..##
##.......#
##.##### ##.##
##.....##
>......# #...#
##...##
##.###.# #.#.#
##'## ##.#
#...#########.#
##.#
##.........##.#
##..
#..#########.##
#### ###..#
##.## ######..#
#.@..# ##.#
........#
#p#### ###
........#
#........≈ ####
.#######
#........ #...
## ##.......
#### ####... #
. # #### # ###
#..####


You could see Lilouch's ghost.

Vanquished Creatures
  A phantom (D:4)
  A centaur skeleton (D:4)
  A hound (D:4)
  An iron imp (D:4)
  A worker ant (D:4)
  Terence (D:3)
  6 adders
  3 gnolls (D:3)
  An ufetubus (D:4)
  A giant eyeball (D:4)
  A giant gecko (D:1)
  2 orcs (D:3)
  A ball python (D:4)
  A giant cockroach (D:3)
  4 hobgoblins
  9 kobolds
  8 bats
  A giant gecko skeleton (D:4)
  7 giant newts
  7 goblins
  A goblin skeleton (D:4)
  An orc skeleton (D:4)
  7 rats
67 creatures vanquished.

Notes
Turn   | Place    | Note
--------------------------------------------------------------
     0 | D:1      | Lilouch, the Demonspawn Chaos Knight, began the quest for the Orb.
     0 | D:1      | Reached XP level 1. HP: 16/16 MP: 1/1
    14 | D:1      | XOM: divination: detect creatures
    56 | D:1      | XOM: divination: magic mapping
    68 | D:1      | XOM: silly message
   144 | D:1      | Gained mutation: You can steal the life force of nearby defeated enemies. [demonic ancestry]
   144 | D:1      | Reached XP level 2. HP: 19/22 MP: 2/2
   564 | D:2      | Gained mutation: You have sharp toenails. [demonic ancestry]
   564 | D:2      | Reached XP level 3. HP: 20/28 MP: 3/3
   734 | D:2      | XOM: silly message
   748 | D:2      | Found a white marble altar of Elyvilon.
   819 | D:2      | XOM: silly message
  1337 | D:2      | Reached skill level 4 in Fighting
  1405 | D:3      | Noticed Terence
  1414 | D:3      | Killed Terence
  1414 | D:3      | Reached XP level 4. HP: 27/35 MP: 4/4
  1461 | D:3      | XOM: potion effect (invisibility)
  1624 | D:3      | Noticed Sigmund
  1629 | D:3      | XOM: divination: detect creatures
  1724 | D:3      | XOM: torment (21/35 hp)
  2060 | D:4      | Noticed a phantom
  2071 | D:4      | Gained mutation: You have a somewhat thin skeletal structure (Dex +2, Stlth). [demonic ancestry]
  2071 | D:4      | Reached XP level 5. HP: 32/40 MP: 2/5
  2072 | D:4      | XOM: harmless Chrm miscast
  2082 | D:4      | Killed a phantom
  2082 | D:4      | Reached skill level 5 in Fighting
  2123 | D:4      | XOM: medium Pois miscast
  2175 | D:4      | XOM: medium Necr miscast
  2182 | D:4      | HP: 2/41 [poisoned by the capriciousness of Xom (residual poison)]
  2215 | D:4      | XOM: noise
  2353 | D:4      | XOM: summons 2 hostile demons
  2579 | D:4      | Gained mutation: You have a moderately thin skeletal structure (Dex +4, Str -1, Stlth). [demonic ancestry]
  2579 | D:4      | Reached XP level 6. HP: 47/47 MP: 6/6
  2608 | D:4      | XOM: mild Erth miscast
  2638 | D:4      | XOM: 1-stop teleportation journey
  2666 | D:4      | XOM: torment (26/47 hp)
  2960 | D:4      | Found Ehaofeih's Jewellery Shoppe.
  3061 | D:4      | Paralysed by a giant eyeball for 4 turns
  3078 | D:4      | XOM: give mutations
  3078 | D:4      | Gained mutation: You occasionally shout uncontrollably. [Xom's mischief]
  3078 | D:4      | Lost mutation: You occasionally shout uncontrollably. [Xom's mischief]
  3078 | D:4      | Gained mutation: You can breathe flames. [Xom's mischief]
  3243 | D:4      | Noticed Lilouch's ghost (average DsCK)
  3247 | D:4      | Paralysed by Lilouch's ghost for 3 turns
  3256 | D:4      | XOM: potion effect (speed)
  3264 | D:4      | Slain by Lilouch's ghost

Action                   |  1- 3 |  4- 6 || total
-------------------------+-------+-------++-------
Melee: Spear             |   109 |   162 ||   271
 Abil: Breathe Fire      |       |     1 ||     1
Evoke: Wand              |       |     1 ||     1
  Use: Scroll            |       |     4 ||     4
       Potion            |       |     2 ||     2
 Stab: Paralysed         |     1 |    11 ||    12
       Invisible         |       |     4 ||     4
       Petrifying        |       |     2 ||     2
       Sleeping          |       |     2 ||     2
